 Dungeon Crawl Stone Soup version 0.17-a0-1663-gb806841 (webtiles) character file.

70 Crabhammer the Grasshopper (level 4, 0/55 HPs)
             Began as a Centaur Warper on Aug 17, 2015.
             Succumbed to an adder's poison
             ... on level 2 of the Dungeon.
             The game lasted 00:07:27 (1478 turns).

Crabhammer the Grasshopper (Centaur Warper)         Turns: 1478, Time: 00:07:27

Health: 0/55       AC: 22    Str: 14    XL:     4   Next: 3%
Magic:  6/6        EV:  1    Int: 12    God:
Gold:   115        SH:  0    Dex:  9    Spells: 2 memorised, 3 levels left

rFire  . . .     SeeInvis .       - Unarmed
rCold  . . .     Clarity  .     (armour currently unavailable)
rNeg   + + +     SustAt   .     (no shield)
rPois  +         Gourm    .     (helmet currently unavailable)
rElec  .         Spirit   .     (cloak currently unavailable)
rCorr  .         Warding  .     (gloves currently unavailable)
rMut   .         NoTele   +     (no barding)
MR     .....                    (no amulet)
Stlth  +.........               (no ring)
                                (no ring)

@: lethally poisoned (0 -> -5), tree-form, not resistant to hostile
enchantments, very unstealthy
A: (hooves 0), (deformed body), (speed 0), (tough skin 0)
a: no special abilities


You were on level 2 of the Dungeon.
You were very hungry.
You were a tree.
You visited 1 branch of the dungeon, and saw 2 of its levels.

You collected 115 gold pieces.

Inventory:

Missiles
 k - 43 arrows
Armour
 a - a +1 leather armour (melded)
Jewellery
 n - an uncursed ring of protection from magic
Scrolls
 c - a scroll of blinking
 m - 3 scrolls of identify
Potions
 h - a potion of agility
Books
 b - a book of Spatial Translocations

   Spells                             Type                      Level
   a - Apportation                    Translocation                1
   b - Blink                          Translocation                2
   c - Shroud of Golubria             Charms/Translocation         2
   d - Portal Projectile              Translocation                3
   e - Teleport Other                 Translocation                3
   f - Passage of Golubria            Translocation                4
Comestibles
 e - 2 bread rations
 f - a slice of pizza
 p - a beef jerky
 q - a meat ration


   Skills:
 * Level 2.8 Fighting
 - Level 1.3 Throwing
 - Level 0.6 Armour
 - Level 1.3 Dodging
 * Level 3.0 Unarmed Combat
 + Level 1.7 Spellcasting
 + Level 3.3 Translocations


You had 3 spell levels left.
You knew the following spells:

 Your Spells              Type           Power        Failure   Level  Hunger
a - Apportation           Tloc           #.........   10%         1    ##.....
b - Blink                 Tloc           N/A          12%         2    ###....


Dungeon Overview and Level Annotations

Branches:
Dungeon (2/15)

Altars:


Innate Abilities, Weirdness & Mutations

((You have hooves in place of feet.))
((Armour fits poorly on your strangely shaped body.))
((You cover ground very quickly.))
((You have extremely tough skin (AC +3).))


Message History

* * * LOW HITPOINT WARNING * * *
You feel sick. What do you say? t - Creak!
Orders for allies: a - Attack new target. r - Retreat! s - Stop attacking. w - Wait here. f - Follow me.
Anything else - Stay silent.
Okay, then.
Read which item? (? for menu, Esc to quit)
You cannot teleport because you are held in place by your roots.
You cannot move.
You cannot move.
Read which item? (? for menu, Esc to quit)
You cannot teleport because you are held in place by your roots.
* * * LOW HITPOINT WARNING * * *
You feel sick.
* * * LOW HITPOINT WARNING * * *
You feel sick.
You die...

..#............#
#.#............####...#
#.#.#.................##
#.#.###.##.....###.#....
#....#...#.....# #......
##.#.....#.....##.......
....#.....####..#.......
>.#.#.....#####.........
..#.##...###....♣.[.....
..#......# #............
..#####..# #.....>......
..# ##.# #............
..# .........#...... ..#
####.....####### ###
#.....# #.....#


There were no monsters in sight!

Vanquished Creatures
  4 adders (D:2)
  2 giant geckos (D:1)
  A giant cockroach (D:2)
  A goblin (D:1)
  2 hobgoblins
  2 bats (D:2)
  A giant newt (D:1)
  6 jackals (D:1)
  2 kobolds
  17 rats
38 creatures vanquished.

Notes
Turn   | Place    | Note
--------------------------------------------------------------
     0 | D:1      | Crabhammer the Centaur Warper began the quest for the Orb.
     0 | D:1      | Reached XP level 1. HP: 17/17 MP: 3/3
    46 | D:1      | Reached XP level 2. HP: 12/24 MP: 4/4
    47 | D:1      | Reached skill level 3 in Translocations
   823 | D:1      | Learned a level 2 spell: Blink
   895 | D:2      | Reached XP level 3. HP: 25/30 MP: 5/5
  1473 | D:2      | Reached XP level 4. HP: 4/37 MP: 6/6
  1474 | D:2      | HP: 2/55 [poisoned by an adder]
  1478 | D:2      | Succumbed to an adder's poison

Vault maps used:
D:1:      erik_arrival_orb_chamber

Action                   |  1- 3 |  4- 6 || total
-------------------------+-------+-------++-------
Melee: Unarmed           |   150 |       ||   150
Throw: Tomahawk          |     5 |       ||     5
  Use: Scroll            |     5 |     1 ||     6
       Potion            |     2 |       ||     2
